 Dungeon Crawl Stone Soup version 0.22.1-5-g62c59d9 (webtiles) character file.

1609 Fang the Chopper (level 8, -2/52 HPs)
             Began as a Gargoyle Berserker on Jan 8, 2019.
             Was a Priest of Trog.
             Slain by a bullfrog (3 damage)
             ... on level 7 of the Dungeon on Jan 9, 2019.
             The game lasted 00:08:55 (6143 turns).

Fang the Chopper (Gargoyle Berserker)               Turns: 6143, Time: 00:08:56

Health: -2/52      AC: 15    Str: 24    XL:     8   Next: 95%
Magic:  8/8        EV:  9    Int:  7    God:    Trog [***...]
Gold:   268        SH:  0    Dex:  9    Spells: 7/7 levels left

rFire    + . .     SeeInvis .   n - +0 war axe
rCold    + . .     Gourm    +   (no shield)
rNeg     + . .     Faith    .   y - +0 chain mail
rPois    ∞         Spirit   .   u - +0 helmet
rElec    +         Reflect  .   (no cloak)
rCorr    +         Harm     .   (no gloves)
MR       .....                  (no boots)
Stlth    ..........             a - amulet of the gourmand
HPRegen  0.17/turn              q - ring of attention (curse)
MPRegen  0.11/turn              (no ring)

@: resistant, berserk cooldown, slowed, very slow
A: negative energy resistance 1, electricity resistance, unbreathing,
petrification resistance, rot immunity, AC +5
a: Berserk, Trog's Hand, Renounce Religion


You were on level 7 of the Dungeon.
You worshipped Trog.
Trog was most pleased with you.
You were completely stuffed.

You visited 2 branches of the dungeon, and saw 8 of its levels.

You collected 268 gold pieces.

Inventory:

Hand Weapons
 n - a +0 war axe (weapon)
Armour
 u - a +0 helmet (worn)
 y - a +0 chain mail (worn)
Jewellery
 a - an amulet of the gourmand (around neck)
 b - an uncursed amulet of guardian spirit
 q - a cursed ring of attention (left hand)
 z - an uncursed amulet of regeneration
Wands
 l - a wand of acid (6)
 o - a wand of flame (20)
 s - a wand of paralysis (13)
Scrolls
 d - 7 scrolls of remove curse {unknown}
 e - 4 scrolls of identify {unknown}
 h - a scroll of magic mapping {unknown}
 i - 3 scrolls of enchant armour {unknown}
 j - 6 scrolls of enchant weapon {unknown}
 m - 3 scrolls of teleportation {unknown}
 t - a scroll of blinking {unknown}
 w - a scroll of fog {unknown}
 x - a scroll of immolation {unknown}
 B - a scroll of vulnerability {unknown}
Potions
 f - a potion of ambrosia {unknown}
 g - a potion of curing {unknown}
 k - a potion of degeneration {unknown}
 p - a potion of invisibility {unknown}
 v - a potion of heal wounds {unknown}
 C - a potion of flight {unknown}
Comestibles
 c - 8 rations
 A - 3 chunks of flesh


   Skills:
 + Level 6.7 Fighting
 + Level 7.9 Axes
 + Level 3.0 Armour
 + Level 3.9 Dodging
 + Level 1.5 Stealth


You had 7 spell levels left.
You didn't know any spells.
Your spell library was empty.

Dungeon Overview and Level Annotations

Branches:
Dungeon (7/15)             Temple (1/1) D:5

Altars:
Fedhas
Hepliaklqana
Qazlal
Ru
Vehumet
Wu Jian
Xom
Yredelemnul
Zin

Shops:
D:6 [

Annotations:
D:5 1 runed door, exclusion: statue


Innate Abilities, Weirdness & Mutations

You are resistant to torment.
Your stone body is resilient. (AC +5)
You are immune to poison.
You resist negative energy. (rN+)
You are resistant to electric shocks. (rElec)
You can survive without breathing.
You are immune to petrification.
You are immune to rotting.


Message History

You miss the bullfrog.
The bullfrog is lightly wounded.
The bullfrog closely misses you.
The bullfrog hits you but does no damage.
You slash the bullfrog!
The bullfrog is severely wounded.
The bullfrog hits you.
* * * LOW HITPOINT WARNING * * *
The bullfrog hits you.
* * * LOW HITPOINT WARNING * * *
The bullfrog completely misses you.
You barely miss the bullfrog.
The bullfrog is severely wounded.
The bullfrog hits you but does no damage. x2
Unknown command.
Okay, then.
It was a potion of resistance.
You feel protected.
The bullfrog barely misses you. x2; The bullfrog hits you.
You die...

.# ###... #.# .#
#....# #.# .#
#.#.. #
#.#####.##
##.#.#.
......#.. .....
#.# #..## #..#
#.###...#####..#
#.##......≈....#
#))F@.....####.#
####.....## #.#
##...## #.#
#..## #.# .##
#.## #.# ... #.#
#.###### ..#
#....... ##
########


You could see a bullfrog.

Vanquished Creatures
  An orc warrior (D:7)
  A sky beast (D:7)
  A centaur (D:5)
  2 ogres
  A bullfrog (D:6)
  4 scorpions (D:4)
  5 wights (D:7)
  A howler monkey (D:4)
  A crimson imp (D:4)
  4 hounds
  6 orc priests
  2 orc wizards
  Ijyb (D:3)
  An iguana (D:6)
  A worker ant (D:3)
  A hound skeleton (D:5)
  9 adders
  A worm (D:3)
  2 dart slugs
  4 leopard geckos
  18 orcs
  A ball python (D:3)
  3 giant cockroaches
  7 goblins
  8 hobgoblins
  14 jackals
  A quokka (D:5)
  11 bats
  6 frilled lizards
  3 kobolds (D:2)
  A leopard gecko skeleton (D:5)
  A leopard gecko zombie (D:5)
  A quokka zombie (D:6)
  4 rats
128 creatures vanquished.

Notes
Turn   | Place    | Note
-------+----------+-------------------------------------------
     0 | D:1      | Fang the Gargoyle Berserker began the quest for the Orb.
     0 | D:1      | Reached XP level 1. HP: 14/14 MP: 1/1
   122 | D:1      | Reached XP level 2. HP: 13/19 MP: 2/2
   188 | D:1      | Reached skill level 3 in Axes
   501 | D:2      | Reached XP level 3. HP: 4/23 MP: 3/3
  1052 | D:2      | Reached XP level 4. HP: 27/29 MP: 4/4
  1241 | D:3      | Noticed Ijyb
  1251 | D:3      | Killed Ijyb
  1545 | D:3      | Reached ** piety under Trog
  1548 | D:3      | Reached XP level 5. HP: 10/34 MP: 5/5
  1941 | D:3      | Found a shimmering altar of Xom.
  2065 | D:3      | Found a sacrificial altar of Ru.
  2313 | D:3      | Reached skill level 4 in Axes
  2628 | D:4      | Reached XP level 6. HP: 31/39 MP: 6/6
  2859 | D:4      | Reached skill level 5 in Fighting
  2859 | D:4      | Reached skill level 5 in Axes
  2859 | D:4      | Reached skill level 1 in Stealth
  2937 | D:4      | Reached XP level 7. HP: 40/44 MP: 7/7
  3835 | D:5      | Entered Level 5 of the Dungeon
  3855 | D:5      | Found a radiant altar of Vehumet.
  3870 | D:5      | Reached skill level 6 in Axes
  3871 | D:5      | Reached *** piety under Trog
  4127 | D:5      | Found a glowing silver altar of Zin.
  4128 | D:5      | Found a runed door.
  4128 | D:5      | Noticed an angel
  4219 | D:5      | Reached XP level 8. HP: 37/51 MP: 8/8
  4377 | D:5      | Found a staircase to the Ecumenical Temple.
  4491 | D:5      | Found a hazy altar of Hepliaklqana.
  5005 | Temple   | Entered the Ecumenical Temple
  5228 | D:6      | Found a basalt altar of Yredelemnul.
  5234 | D:6      | Found an ornate altar of the Wu Jian Council.
  5366 | D:6      | Found Viup's Antique Armour Shop.
  5707 | D:6      | Reached skill level 7 in Axes
  6141 | D:7      | HP: 1/52 [bullfrog (5)]
  6143 | D:7      | Slain by a bullfrog

Skill      XL: |  1  2  3  4  5  6  7  8 |
---------------+-------------------------+-----
Axes           | 3 4 5 6 7 |  7.9
Dodging        | 2 3 |  3.9
Fighting       | 4 5 6 |  6.7
Stealth        | 1 |  1.5
Armour         | 3 |  3.0

Action                   |  1- 3 |  4- 6 |  7- 9 || total
-------------------------+-------+-------+-------++-------
Melee: Hand axe          |   109 |       |       ||   109
       War axe           |       |   155 |   223 ||   378
Invok: Berserk           |     1 |     2 |     2 ||     5
  Use: Potion            |       |       |     1 ||     1
  Eat: Chunk             |     1 |    21 |    14 ||    36
Armor: Animal skin       |    30 |    74 |    32 ||   136
       Chain mail        |       |       |   102 ||   102
Dodge: Dodged            |    87 |   120 |   110 ||   317
